AoeStats
← FoxStew

Arabia

506728391Analyzed
1v1 RM · 18d ago on Sep 14, 2026· 58m 40s· 2 players
Game mode
Random Map
Map size
Tiny (2 player)
Population
200
Speed
Normal
Resources
Standard
Victory
Conquest
Starting age
Dark Age
Ending age
Imperial Age
RankedLock teamsTeams togetherTeam positionsShared explorationLock speedFull tech treeHidden civsTurbo modeCheats
Victory
Defeat
🇬🇧 Slavs · United Kingdom
584
+13
🇺🇸 Tatars · United States
514
-13
TimeBot
5:15 Loom
10:35 Feudal Age
11:26 Double-Bit Axe
12:37 Wheelbarrow
15:17 Horse Collar
21:29 Fletching
25:47 Castle Age
26:55 Pikeman
29:18 Gold Mining
29:37 Bodkin Arrow
29:49 Scale Barding Armor
33:38 Forging
33:49 Chain Barding Armor
34:21 Padded Archer Armor
34:59 Bow Saw
35:10 Hand Cart
40:55 Silk Armor
44:03 Iron Casting
46:31 Imperial Age
47:42 Timurid Siegecraft
48:16 Ballistics
48:24 Ballistics
47:31 Heavy Cavalry Archer
FoxStew
12:06 Feudal Age
10:56 Loom
13:05 Double-Bit Axe
21:43 Fletching
26:44 Castle Age
24:57 Horse Collar
29:24 Bloodlines
29:28 Bow Saw
29:22 Heavy Plow
30:41 Scale Barding Armor
30:22 Elite Skirmisher
36:23 Detinets
36:27 Bodkin Arrow
46:19 Imperial Age
44:33 Ballistics
43:46 Pikeman
44:26 Squires
45:27 Wheelbarrow
44:38 Town Watch
47:40 Elite Boyar
50:40 Halberdier
Connection lost

Rejoining the realm…

Still unreachable

The connection could not be restored.

Session expired

The server has moved on; the page needs a fresh start.